Map: Deathaura LE

Players

Reynor - Winner!

  • Race: Zerg Zerg
  • Spawn Location: 5:00

ArT

  • Race: Protoss Protoss
  • Spawn Location: 11:00

Event: DreamHack SC2 Masters 2020 Summer Europe

VOD

https://youtu.be/aoO_419f0Xs

Description

Time

  • Played on: July 1, 2020, 11:26 a.m.
  • Length: 10:55

All games in this series

Show
View Real Time Build Order
Export as new Build Order

Reynor Zerg - Winner!

Build Orders: Hatch First, Muta Ling Bane 

Get SALT Encoding   

  12  0:00  Drone  
  13  0:12  Overlord  
  13  0:17  Drone  
  14  0:30  Drone  
  14  0:31  Drone  
  16  0:43  Drone  
  17  0:51  Hatchery  
  17  0:55  Drone  
  17  0:57  Drone  
  18  1:09  Extractor  
  17  1:12  Spawning Pool  
  17  1:16  Drone  
  17  1:18  Drone  
  18  1:27  Drone  
  19  1:38  Drone  
  20  1:49  Overlord  
  20  2:00  Zergling x2  
  21  2:03  Drone, Queen x2  
  26  2:10  Zergling x2  
  26  2:14  Drone  
  28  2:20  Metabolic Boost  
  28  2:23  Drone  
  28  2:26  Drone  
  30  2:34  Hatchery  
  30  2:37  Drone  
  30  2:38  Drone  
  30  2:43  Overlord  
  31  2:46  Drone  
  32  3:00  Queen  
  32  3:01  Drone x2  
  32  3:03  Overlord  
  36  3:19  Overlord  
  36  3:22  Zergling x8  
  36  3:25  Queen  
  36  3:26  Drone  
  43  3:31  Overlord  
  43  3:37  Drone  
  43  3:39  Queen  
  43  3:40  Drone  
  47  3:44  Drone x2  
  47  3:45  Drone  
  47  3:47  Drone  
  51  3:49  Drone  
  51  3:51  Overlord  
  51  3:54  Spore Crawler  
  51  3:57  Drone  
  52  4:04  Drone x2  
  52  4:05  Roach Warren  
  52  4:08  Drone  
  52  4:13  Drone  
  52  4:14  Drone x2  
  52  4:15  Drone  
  55  4:18  Drone  
  55  4:20  Drone  
  55  4:21  Spore Crawler  
  55  4:22  Drone  
  57  4:26  Extractor  
  57  4:27  Extractor  
  57  4:30  Zergling x4  
  57  4:32  Zergling x2  
  57  4:37  Spore Crawler  
  57  4:40  Zergling x4  
  57  4:42  Overlord  
  59  4:52  Roach x5  
  69  4:54  Roach x2, Zergling x2  
  69  4:56  Overlord  
  74  5:01  Evolution Chamber  
  74  5:03  Roach x2  
  78  5:07  Zergling x8  
  82  5:19  Roach, Zergling x4  
  82  5:22  Roach, Zergling x2  
  82  5:23  Zergling x2  
  82  5:24  Roach  
  82  5:26  Roach  
  79  5:29  Roach, Zergling x4  
  79  5:32  Lair  
  79  5:34  Roach  
  79  5:37  Roach  
  79  5:41  Drone  
  81  5:43  Drone  
  81  5:47  Evolution Chamber, Drone  
  81  5:49  Drone  
  83  5:53  Drone  
  84  5:58  Drone  
  84  5:59  Drone  
  84  6:03  Drone  
  87  6:08  Overlord, Spine Crawler  
  87  6:11  Overlord  
  86  6:14  Roach  
  86  6:17  Roach  
  86  6:18  Zerg Missile Weapons Level 1  
  90  6:21  Overlord  
  89  6:28  Roach x3  
  89  6:29  Roach  
  89  6:31  Glial Reconstitution  
  97  6:33  Drone x6  
  103  6:40  Roach  
  103  6:43  Drone  
  103  6:45  Extractor  
  103  6:46  Drone x2, Spire  
  106  6:48  Extractor  
  106  6:49  Drone x2  
  106  6:50  Drone  
  106  6:51  Extractor  
  106  6:53  Drone  
  108  6:56  Drone  
  108  7:01  Drone  
  110  7:03  Overlord  
  110  7:04  Drone x4  
  110  7:07  Overlord  
  114  7:11  Overseer  
  114  7:13  Pneumatized Carapace  
  114  7:17  Baneling Nest  
  114  7:19  Drone  
  114  7:20  Overlord  
  114  7:22  Drone x2  
  116  7:27  Hatchery  
  116  7:28  Overseer  
  115  7:30  Overseer  
  115  7:36  Drone x4  
  117  7:37  Drone x2  
  117  7:40  Drone x4  
  123  7:50  Drone  
  124  7:54  Baneling Nest  
  124  7:55  Overlord  
  123  7:59  Overlord  
  123  8:00  Mutalisk x5  
  133  8:06  Roach x2  
  133  8:07  Zergling x2  
  133  8:10  Evolution Chamber, Overlord  
  138  8:13  Zerg Missile Weapons Level 2, Overlord  
  138  8:17  Roach x3  
  138  8:18  Zergling x2  
  145  8:21  Drone x2  
  145  8:23  Drone x2  
  145  8:25  Roach, Zergling x2  
  152  8:27  Ravager x2  
  152  8:32  Ravager  
  152  8:33  Drone x5  
  159  8:36  Spore Crawler  
  159  8:37  Extractor  
  159  8:40  Ravager x2  
  159  8:41  Zergling x8  
  163  8:49  Zergling x2  
  163  8:50  Centrifical Hooks  
  163  8:51  Zergling x2  
  163  8:52  Zergling x8  
  168  9:00  Zerg Melee Weapons Level 1  
  168  9:02  Zergling x12  
  174  9:04  Overlord  
  168  9:10  Ravager x3  
  168  9:12  Zergling x10  
  168  9:14  Queen  
  176  9:18  Overlord  
  176  9:26  Baneling x8  
  176  9:28  Zergling x16  
  184  9:32  Overlord  
  184  9:38  Zergling x10  
  189  9:42  Hatchery  
  189  9:45  Roach  
  190  9:46  Zergling x2  
  191  9:55  Drone x9  
  194  10:09  Zergling x14  
  197  10:14  Zergling x2  
  197  10:16  Baneling x20  
  197  10:18  Zergling x4  
  197  10:21  Zergling x6  
  197  10:25  Zergling x2  
  197  10:26  Zergling x12  
  192  10:28  Zergling x4  
  181  10:37  Zergling x2, Infestation Pit  
  181  10:38  Zergling x4  
Show
View Real Time Build Order
Export as new Build Order

ArT Protoss 

Build Orders: 1 Gate Expand 

Get SALT Encoding   

  12  0:00  Probe  
  13  0:12  Probe  
  14  0:18  Pylon  
  14  0:24  Probe  
  15  0:33  Probe  
  15  0:41  Gateway, Probe  
  17  0:51  Assimilator, Probe  
  18  1:03  Probe  
  19  1:15  Probe  
  20  1:26  Nexus  
  20  1:37  Cybernetics Core  
  20  1:39  Probe  
  21  1:46  Assimilator  
  21  1:51  Probe  
  22  1:55  Pylon  
  22  2:03  Stalker, Probe  
  23  2:11  Probe  
  23  2:13  Warp Gate  
  26  2:19  Probe  
  27  2:33  Sentry  
  27  2:34  Probe x2  
  30  2:42  Probe  
  31  2:46  Probe  
  33  2:51  Twilight Council  
  33  2:53  Probe  
  33  2:58  Probe  
  35  3:02  Robotics Facility  
  35  3:05  Probe  
  35  3:11  Probe  
  37  3:15  Charge  
  37  3:18  Gateway  
  37  3:19  Gateway  
  37  3:21  Gateway  
  37  3:35  Gateway  
  37  3:40  Gateway  
  37  3:43  Gateway, Warp Prism  
  37  3:52  Gateway  
  39  3:59  Pylon  
  39  4:02  Adept  
  41  4:06  Shield Battery  
  39  4:12  Shield Battery  
  39  4:22  Zealot x3  
  39  4:23  Zealot  
  47  4:26  Pylon  
  47  4:35  Pylon  
  47  4:45  Zealot x6  
  59  4:57  Zealot x2  
  63  5:15  Warp Prism  
  63  5:21  Zealot x3  
  63  5:25  Pylon  
  63  5:27  Zealot x3  
  63  5:28  Zealot  
  69  5:32  Zealot x3  
  69  5:33  Probe  
  69  5:34  Probe  
  63  5:38  Assimilator  
  63  5:41  Assimilator  
  55  5:46  Probe  
  55  5:49  Probe  
  56  5:50  Dark Shrine  
  57  5:57  Probe  
  57  5:58  Probe  
  59  6:05  Probe  
  59  6:10  Probe  
  61  6:17  Probe  
  62  6:18  Pylon  
  62  6:22  Zealot x2  
  62  6:25  Observer, Probe  
  64  6:29  Probe  
  65  6:37  Probe  
  65  6:38  Nexus  
  65  6:39  Immortal  
  66  6:40  Pylon  
  66  6:42  Blink  
  66  6:44  Probe  
  71  6:57  Probe  
  71  6:59  Shield Battery  
  71  7:00  Probe  
  73  7:03  Pylon  
  73  7:06  Dark Templar x3  
  79  7:15  Probe x2  
  81  7:19  Forge  
  81  7:21  Sentry  
  83  7:22  Pylon  
  83  7:27  Probe  
  86  7:30  Immortal  
  86  7:38  Probe  
  86  7:40  Probe  
  88  7:44  Sentry x2, Protoss Ground Weapons Level 1  
  88  7:45  Assimilator  
  88  7:47  Assimilator, Probe x2  
  88  7:49  Probe  
  94  7:54  Stalker  
  94  7:55  Probe x2  
  97  7:59  Probe  
  97  8:04  Gateway  
  97  8:05  Probe x2  
  100  8:08  Archon  
  100  8:09  Gateway  
  100  8:12  Gateway  
  102  8:15  Probe  
  102  8:17  Probe x2  
  105  8:27  Stalker x3  
  105  8:31  Stalker  
  105  8:33  Shield Battery  
  113  8:43  Stalker x2  
  113  8:44  Stalker  
  113  8:46  Shield Battery  
  119  8:52  Immortal  
  119  8:54  Pylon  
  122  9:03  Templar Archives  
  122  9:05  Stalker  
  123  9:16  Zealot x2  
  121  9:17  Stalker x3  
  127  9:24  Pylon  
  127  9:27  Pylon  
  127  9:28  Photon Cannon  
  127  9:36  Photon Cannon  
  127  9:39  Gateway  
  127  9:40  Gateway  
  121  9:50  High Templar x4  
  129  9:55  Zealot x3  
  135  10:05  Pylon  
  131  10:07  Archon  
  131  10:12  Zealot  
  126  10:18  High Templar x2  
  126  10:20  Stalker, Zealot  
  110  10:28  Zealot x2  
  110  10:29  Zealot x2  
  110  10:37  Stalker x2, Zealot  
  88  10:45  Zealot  
Tags
 
Add a new tag
Caveats
  • Supply blocks, unpowered buildings, or Contaminate may cause inaccurate times.
  • Supply counts are checked every 10 seconds.